ANAHEIM vs NASHVILLE

Created - January-30-21 at 10:32

Goals
1 2 3 OT1 T
ANAHEIM 0 0 2 0 2
NASHVILLE 1 1 0 1 3
Shots
1 2 3 OT1 T
ANAHEIM 11 7 9 0 27
NASHVILLE 11 18 14 2 45

1st period

1. NASHVILLE , Sean Monahan 9 (Morgan Rielly 7, Jared McCann 8) at 18:58

Penalties :
Bobby Ryan (NSH) for Elbowing (Minor) at 5:52, Paul Byron (NSH) for Roughing (Minor) at 11:32, Bobby Ryan (NSH) for Tripping (Minor) at 15:48

2nd period

2. NASHVILLE , Morgan Rielly 3 (Sean Monahan 8, Adam Larsson 8) at 1:25

Penalties :
Jake McCabe (ANA) for Holding (Minor) at 9:56, Pierre-Luc Dubois (ANA) for Unsportsmanlike conduct (Minor) at 15:51, Morgan Rielly (NSH) for Roughing (Minor) at 19:31

3rd period

3. ANAHEIM , Patric Hornqvist 3 (Connor McDavid 13, Jason Zucker 7) at 1:03 (PP)
4. ANAHEIM , Pierre-Luc Dubois 5 (Michael Frolik 5, Casey Nelson 3) at 4:47

Penalties :
Nicolas Hague (NSH) for Goalie Interference (Minor) at 2:19, Casey Nelson (ANA) for Hooking (Minor) at 17:52

Overtime #1

5. NASHVILLE , J.T. Compher 8 (Paul Byron 6) at 1:41

Penalties :
No Penalty

Goalie Stats

Cam Talbot (ANA), 42 saves from 45 shots - (0.933), OTL, 4-5-6, 61:42 minutes
Joonas Korpisalo (NSH), 25 saves from 27 shots - (0.926), W, 3-0-0, 61:42 minutes

Players Stats for ANAHEIM

Player Name              G  A  P  +/- PIM S  H  SB GA TA FO     MP     PP MP  PK MP  
------------------------------------------------------------------------------------
Andreas Athanasiou       0  0  0   0  0   3  2  0  0  0  1/1    19:06   4:52   0:08 
Andrew Shaw              0  0  0   0  0   0  0  0  0  0  0/2     1:11   0:19   0:00 
Anton Stralman           0  0  0  -2  0   1  1  1  0  0  0/0    25:13   4:26   3:22 
C.J. Smith               0  0  0   0  0   0  0  0  0  0  0/0     2:55   0:00   0:00 
Casey Nelson             0  1  1   1  2   0  2  2  0  0  0/0    14:59   0:00   0:36 
Chris Wagner             0  0  0   0  0   0  0  0  0  0  0/1     1:34   0:19   0:00 
Connor McDavid           0  1  1  -2  0   2  0  2  0  0  12/31  24:12   4:36   3:01 
Evgeny Kuznetsov         0  0  0  -1  0   3  6  0  0  0  9/24   23:01   4:52   3:47 
Jake McCabe              0  0  0   0  2   1  1  0  0  0  0/0    20:29   5:02   1:59 
Jason Zucker             0  1  1  -2  0   2  2  0  0  0  0/1    20:39   4:17   1:50 
Joel Edmundson           0  0  0  -2  0   3  1  3  0  0  0/0    23:56   4:26   2:48 
Michael Frolik           0  1  1   0  0   3  1  0  0  0  0/1    16:42   0:00   1:58 
Mike Green               0  0  0   0  0   0  3  1  0  0  0/0    15:42   0:19   0:00 
Nate Thompson            0  0  0   1  0   0  0  0  0  0  6/7    16:08   0:00   0:00 
Patric Hornqvist         1  0  1  -2  0   2  2  0  0  0  0/2    18:49   4:17   0:00 
Pierre-Luc Dubois        1  0  1   1  2   2  0  0  0  0  4/10   14:54   0:00   1:10 
Trevor van Riemsdyk      0  0  0   0  0   1  0  4  0  0  0/0    21:21   4:43   3:09 
Zach Sanford             0  0  0   0  0   4  2  0  0  0  0/0    18:15   4:52   0:00 

Players Stats for NASHVILLE

Player Name              G  A  P  +/- PIM S  H  SB GA TA FO     MP     PP MP  PK MP  
------------------------------------------------------------------------------------
Adam Larsson             0  1  1   1  0   1  3  2  0  0  0/0    21:13   3:31   4:12 
Alex Chiasson            0  0  0  -1  0   3  1  0  0  0  0/0    11:56   0:00   0:00 
Andrew Peeke             0  0  0   0  0   0  0  0  0  0  0/0    13:35   0:00   0:00 
Bobby Ryan               0  0  0  -1  4   6  1  1  0  0  0/0    11:54   0:00   0:00 
Brian Dumoulin           0  0  0   0  0   2  1  3  0  0  0/0    21:01   2:26   4:56 
Connor Carrick           0  0  0   0  0   0  4  1  0  0  0/0    15:57   0:00   1:41 
Devin Shore              0  0  0   0  0   0  0  0  0  0  5/6     6:29   0:00   0:00 
J.T. Compher             1  0  1   1  0   4  0  0  0  0  12/18  19:03   2:58   3:22 
Jared McCann             0  1  1   2  0   0  1  0  0  0  0/1    23:05   2:59   5:38 
Jason Dickinson          0  0  0   0  0   2  1  0  0  0  4/4    16:58   2:58   0:28 
Jeremy Lauzon            0  0  0   1  0   0  0  0  0  0  0/0     4:27   0:00   0:30 
Jimmy Vesey              0  0  0   0  0   3  0  0  0  0  0/2    16:16   2:58   0:00 
Josh Leivo               0  0  0   0  0   1  0  0  0  0  0/1     5:34   0:00   0:00 
Morgan Rielly            1  1  2   1  2   2  1  1  0  0  0/0    24:20   3:31   3:29 
Nicolas Hague            0  0  0   0  2   2  0  1  0  0  0/0    21:07   2:26   4:08 
Nolan Patrick            0  0  0  -1  0   8  1  0  0  0  7/17   12:52   0:00   0:56 
Paul Byron               0  1  1   3  2   5  1  1  0  0  2/3    19:58   2:59   2:26 
Sean Monahan             1  1  2   2  0   5  1  1  0  0  18/28  23:33   2:59   6:06 
Tage Thompson            0  0  0   0  0   1  0  0  0  0  0/0     6:15   0:00   0:00 

3 Stars

1 - Sean Monahan (NSH)
2 - Morgan Rielly (NSH)
3 - Cam Talbot (ANA)

Power Play

ANAHEIM - 1 on 5 Attempt(s) - 20.00%
NASHVILLE - 0 on 3 Attempt(s) - 0.00%

Penalty Kill

ANAHEIM - 3 on 3 Attempt(s) - 100.00% - Score 0 goal in Penalty Kill
NASHVILLE - 4 on 5 Attempt(s) - 80.00% - Score 0 goal in Penalty Kill

Team Stat

ANAHEIM - Hits : 23 - Faceoff Wins : 32 - Blocked Shots : 13 - Penalty Minutes : 6
NASHVILLE - Hits : 16 - Faceoff Wins : 48 - Blocked Shots : 11 - Penalty Minutes : 10

Official

Referees : Steve Kozari and Michael Markovic
Linesman : Kyle Allen and Bryan Pancich

Game Notes

No Game Note

Finance

Level 1 -- Attendance: 4342 (72.37%) -- Ticket Income $434,200
Level 2 -- Attendance: 4094 (81.88%) -- Ticket Income $245,640
Level 3 -- Attendance: 2000 (100.00%) -- Ticket Income $70,000
Level 4 -- Attendance: 2561 (64.03%) -- Ticket Income $64,025
Luxury Box -- Attendance: 725 (72.50%) -- Ticket Income $145,000
Game was played at the Bridgestone Arena.
Total Attendance: 13722 (76.23%)
Total Ticket Income: $958,865
Total Income: $958,865

ANAHEIM

5 vs 5 Forward 
   Center                   Left Wing                Right Wing               Time % Phy DF OF 
 1 Connor McDavid           Jason Zucker             Patric Hornqvist         35     1   2  2  
 2 Evgeny Kuznetsov         Andreas Athanasiou       Zach Sanford             30     1   2  2  
 3 Pierre-Luc Dubois        Michael Frolik           Nate Thompson            25     1   2  2  
 4 Nate Thompson            C.J. Smith               Connor McDavid           10     1   2  2  

5 vs 5 Defense 
   Defense                  Defense                                           Time % Phy DF OF 
 1 Anton Stralman           Joel Edmundson                                    35     1   2  2  
 2 Jake McCabe              Trevor van Riemsdyk                               30     1   2  2  
 3 Mike Green               Casey Nelson                                      25     1   2  2  
 4 Anton Stralman           Joel Edmundson                                    10     1   2  2  

PowerPlay Forward 
   Center                   Left Wing                Right Wing               Time % Phy DF OF 
 1 Connor McDavid           Jason Zucker             Patric Hornqvist         60     1   2  2  
 2 Evgeny Kuznetsov         Andreas Athanasiou       Zach Sanford             40     1   2  2  

PowerPlay Defense
   Defense                  Defense                                           Time % Phy DF OF 
 1 Anton Stralman           Joel Edmundson                                    60     1   2  2  
 2 Jake McCabe              Trevor van Riemsdyk                               40     1   2  2  

Penalty Kill 4 Players Forward 
   Center                   Wing                     Time % Phy DF OF 
 1 Connor McDavid           Evgeny Kuznetsov         60     1   2  2  
 2 Pierre-Luc Dubois        Jason Zucker             40     1   2  2  

Penalty Kill 4 Players Defense
   Defense                  Defense                  Time % Phy DF OF 
 1 Anton Stralman           Joel Edmundson           60     1   2  2  
 2 Jake McCabe              Trevor van Riemsdyk      40     1   2  2  

Penalty Kill - 3 Players Forward 
   Forward                                           Time % Phy DF OF 
 1 Connor McDavid                                    60     1   2  2  
 2 Evgeny Kuznetsov                                  40     1   2  2  

Penalty Kill - 3 Players Defense
   Defense                  Defense                  Time % Phy DF OF 
 1 Anton Stralman           Joel Edmundson           60     1   2  2  
 2 Jake McCabe              Trevor van Riemsdyk      40     1   2  2  

4 vs 4 Forward 
   Center                   Wing                     Time % Phy DF OF 
 1 Connor McDavid           Evgeny Kuznetsov         60     1   2  2  
 2 Pierre-Luc Dubois        Jason Zucker             40     1   2  2  

4 vs 4 Defense
   Defense                  Defense                  Time % Phy DF OF 
 1 Anton Stralman           Joel Edmundson           60     1   2  2  
 2 Jake McCabe              Trevor van Riemsdyk      40     1   2  2  

Last Minutes Offensive
   Center                   Left Wing                Right Wing               Defense                  Defense                  
   Connor McDavid           Jason Zucker             Patric Hornqvist         Anton Stralman           Joel Edmundson           

Last Minutes Defensive
   Center                   Left Wing                Right Wing               Defense                  Defense                  
   Connor McDavid           Jason Zucker             Patric Hornqvist         Anton Stralman           Joel Edmundson           

Goaltenders
Starting : Cam Talbot               
Backup : Juuse Saros              

Extra Forwards
Normal : Andrew Shaw, Chris Wagner, Michael Frolik - PP : Andrew Shaw, Chris Wagner - PK : Michael Frolik
Extra Defensemen
Normal : Mike Green, Casey Nelson, Jake McCabe - PP : Mike Green - PK : Casey Nelson, Jake McCabe
Penalty Shots
Connor McDavid, Evgeny Kuznetsov, Pierre-Luc Dubois, Jason Zucker, Patric Hornqvist

Scratches
None

NASHVILLE

5 vs 5 Forward 
   Center                   Left Wing                Right Wing               Time % Phy DF OF 
 1 Sean Monahan             Paul Byron               Jared McCann             35     1   2  2  
 2 J.T. Compher             Jason Dickinson          Jimmy Vesey              30     1   2  2  
 3 Nolan Patrick            Alex Chiasson            Bobby Ryan               25     1   2  2  
 4 Devin Shore              Josh Leivo               Tage Thompson            10     1   2  2  

5 vs 5 Defense 
   Defense                  Defense                                           Time % Phy DF OF 
 1 Morgan Rielly            Adam Larsson                                      35     1   2  2  
 2 Brian Dumoulin           Nicolas Hague                                     30     1   2  2  
 3 Andrew Peeke             Connor Carrick                                    25     1   2  2  
 4 Jeremy Lauzon            Morgan Rielly                                     10     1   2  2  

PowerPlay Forward 
   Center                   Left Wing                Right Wing               Time % Phy DF OF 
 1 Sean Monahan             Paul Byron               Jared McCann             60     1   2  2  
 2 J.T. Compher             Jason Dickinson          Jimmy Vesey              40     1   2  2  

PowerPlay Defense
   Defense                  Defense                                           Time % Phy DF OF 
 1 Morgan Rielly            Adam Larsson                                      60     1   2  2  
 2 Brian Dumoulin           Nicolas Hague                                     40     1   2  2  

Penalty Kill 4 Players Forward 
   Center                   Wing                     Time % Phy DF OF 
 1 Sean Monahan             Jared McCann             60     1   2  2  
 2 Paul Byron               J.T. Compher             40     1   2  2  

Penalty Kill 4 Players Defense
   Defense                  Defense                  Time % Phy DF OF 
 1 Morgan Rielly            Adam Larsson             60     1   2  2  
 2 Brian Dumoulin           Nicolas Hague            40     1   2  2  

Penalty Kill - 3 Players Forward 
   Forward                                           Time % Phy DF OF 
 1 Sean Monahan                                      60     1   2  2  
 2 Jared McCann                                      40     1   2  2  

Penalty Kill - 3 Players Defense
   Defense                  Defense                  Time % Phy DF OF 
 1 Morgan Rielly            Adam Larsson             60     1   2  2  
 2 Brian Dumoulin           Nicolas Hague            40     1   2  2  

4 vs 4 Forward 
   Center                   Wing                     Time % Phy DF OF 
 1 Sean Monahan             Jared McCann             60     1   2  2  
 2 Paul Byron               J.T. Compher             40     1   2  2  

4 vs 4 Defense
   Defense                  Defense                  Time % Phy DF OF 
 1 Morgan Rielly            Adam Larsson             60     1   2  2  
 2 Brian Dumoulin           Nicolas Hague            40     1   2  2  

Last Minutes Offensive
   Center                   Left Wing                Right Wing               Defense                  Defense                  
   Sean Monahan             Paul Byron               Jared McCann             Morgan Rielly            Adam Larsson             

Last Minutes Defensive
   Center                   Left Wing                Right Wing               Defense                  Defense                  
   Sean Monahan             Paul Byron               Jared McCann             Morgan Rielly            Adam Larsson             

Goaltenders
Starting : Joonas Korpisalo         
Backup : Devan Dubnyk             

Extra Forwards
Normal : Bobby Ryan, Alex Chiasson, Nolan Patrick - PP : Bobby Ryan, Alex Chiasson - PK : Nolan Patrick
Extra Defensemen
Normal : Andrew Peeke, Connor Carrick, Jeremy Lauzon - PP : Andrew Peeke - PK : Connor Carrick, Jeremy Lauzon
Penalty Shots
Sean Monahan, Jared McCann, Paul Byron, J.T. Compher, Jason Dickinson

Scratches
Alexander Barabanov (Healthy), Alex Petrovic (Healthy), Henrik Lundqvist (Healthy), NSH Cap Hit (Suspend)

% Time on Ice - ANAHEIM

Lines # - Real PCT - Wanted PCT - Time Play
Normal Forward
1 - 33% - 35% - 14:32
2 - 30% - 30% - 13:23
3 - 31% - 25% - 13:45
4 - 7% - 10% - 2:55
Normal Defense
1 - 36% - 35% - 15:53
2 - 30% - 30% - 13:29
3 - 32% - 25% - 14:24
4 - 2% - 10% - 0:49
PP Forward
1 - 49% - 60% - 4:36
2 - 51% - 40% - 4:52
PP Defense
1 - 50% - 60% - 4:45
2 - 50% - 40% - 4:43
PK Forward
1 - 69% - 60% - 4:07
2 - 31% - 40% - 1:50
PK Defense
1 - 47% - 60% - 2:48
2 - 53% - 40% - 3:09
PK3 Forward
1 - 0% - 60%
2 - 0% - 40%
PK3 Defense
1 - 0% - 60%
2 - 0% - 40%
44 Forward
1 - 0% - 60%
2 - 0% - 40%
44 Defense
1 - 0% - 60%
2 - 0% - 40%
Last Minute Offensive  - 0:00
Last Minute Defensive  - 0:00
Total
Forward - 60:00
Defense - 60:00

% Time on Ice - NASHVILLE

Lines # - Real PCT - Wanted PCT - Time Play
Normal Forward
1 - 32% - 35% - 14:28
2 - 28% - 30% - 12:37
3 - 27% - 25% - 11:56
4 - 12% - 10% - 5:34
Normal Defense
1 - 30% - 35% - 13:30
2 - 31% - 30% - 13:39
3 - 30% - 25% - 13:35
4 - 9% - 10% - 3:51
PP Forward
1 - 50% - 60% - 2:59
2 - 50% - 40% - 2:58
PP Defense
1 - 59% - 60% - 3:31
2 - 41% - 40% - 2:26
PK Forward
1 - 64% - 60% - 6:06
2 - 36% - 40% - 3:22
PK Defense
1 - 44% - 60% - 4:12
2 - 56% - 40% - 5:16
PK3 Forward
1 - 0% - 60%
2 - 0% - 40%
PK3 Defense
1 - 0% - 60%
2 - 0% - 40%
44 Forward
1 - 0% - 60%
2 - 0% - 40%
44 Defense
1 - 0% - 60%
2 - 0% - 40%
Last Minute Offensive  - 0:00
Last Minute Defensive  - 0:00
Total
Forward - 60:00
Defense - 60:00

Play-by-Play

1st period


0:01 of 1st period - Sean Monahan wins face-off versus Connor McDavid in neutral zone.
0:06 of 1st period - Shot by Sean Monahan.
0:06 of 1st period - Shot Misses the Net.
0:26 of 1st period - Shot by Paul Byron.
0:26 of 1st period - Stopped by Cam Talbot without a rebound.
0:27 of 1st period - J.T. Compher wins face-off versus Evgeny Kuznetsov in ANAHEIM zone.
0:59 of 1st period - Shot by Evgeny Kuznetsov.
0:59 of 1st period - Shot Blocked by Nicolas Hague.
3:28 of 1st period - Off-side.
3:29 of 1st period - Nate Thompson wins face-off versus Nolan Patrick in neutral zone.
3:33 of 1st period - Off-side.
3:34 of 1st period - Pierre-Luc Dubois wins face-off versus J.T. Compher in neutral zone.
3:53 of 1st period - Off-side.
3:54 of 1st period - Connor McDavid wins face-off versus Nolan Patrick in neutral zone.
4:11 of 1st period - Shot by Connor McDavid.
4:11 of 1st period - Deflect By Patric Hornqvist.
4:11 of 1st period - Stopped by Joonas Korpisalo without a rebound.
4:12 of 1st period - Sean Monahan wins face-off versus Nate Thompson in NASHVILLE zone.
4:14 of 1st period - Icing by Adam Larsson.
4:15 of 1st period - Nate Thompson wins face-off versus Sean Monahan in NASHVILLE zone.
4:15 of 1st period - Joel Edmundson is hit by Adam Larsson and loses puck.
4:18 of 1st period - Shot by Joel Edmundson.
4:18 of 1st period - Shot Blocked by Paul Byron.
4:20 of 1st period - Shot by Nate Thompson.
4:20 of 1st period - Deflect By Connor McDavid.
4:20 of 1st period - Stopped by Joonas Korpisalo with a rebound.
5:02 of 1st period - Icing by Sean Monahan.
5:03 of 1st period - Evgeny Kuznetsov wins face-off versus Sean Monahan in NASHVILLE zone.
5:05 of 1st period - Zach Sanford is hit by Adam Larsson and loses puck.
5:22 of 1st period - Shot by Nolan Patrick.
5:22 of 1st period - Shot Misses the Net.
5:24 of 1st period - Shot by Nolan Patrick.
5:24 of 1st period - Stopped by Cam Talbot with a rebound.
5:39 of 1st period - Connor Carrick is hit by Jake McCabe and loses puck.
5:52 of 1st period - Minor Penalty to Bobby Ryan for Elbowing.
5:53 of 1st period - Sean Monahan wins face-off versus Connor McDavid in NASHVILLE zone.
6:24 of 1st period - Shot by Joel Edmundson.
6:24 of 1st period - Stopped by Joonas Korpisalo without a rebound.
6:25 of 1st period - Evgeny Kuznetsov wins face-off versus Sean Monahan in NASHVILLE zone.
6:28 of 1st period - Shot by Evgeny Kuznetsov.
6:28 of 1st period - Shot Blocked by Morgan Rielly.
6:30 of 1st period - Shot by Zach Sanford.
6:30 of 1st period - Stopped by Joonas Korpisalo with a rebound.
7:49 of 1st period - Shot by Jake McCabe.
7:49 of 1st period - Stopped by Joonas Korpisalo with a rebound.
7:56 of 1st period - Pierre-Luc Dubois is hit by Connor Carrick and loses puck.
8:06 of 1st period - Pierre-Luc Dubois is hit by Connor Carrick and loses puck.
8:13 of 1st period - Shot by Michael Frolik.
8:13 of 1st period - Shot Misses the Net.
8:15 of 1st period - Shot by Pierre-Luc Dubois.
8:15 of 1st period - Stopped by Joonas Korpisalo without a rebound.
8:16 of 1st period - Andreas Athanasiou wins face-off versus Nolan Patrick in NASHVILLE zone.
8:17 of 1st period - Shot by Evgeny Kuznetsov.
8:17 of 1st period - Stopped by Joonas Korpisalo without a rebound.
8:18 of 1st period - Pierre-Luc Dubois wins face-off versus Nolan Patrick in NASHVILLE zone.
9:16 of 1st period - Nicolas Hague is hit by Casey Nelson and loses puck.
9:19 of 1st period - Shot by J.T. Compher.
9:19 of 1st period - Stopped by Cam Talbot without a rebound.
9:20 of 1st period - Connor McDavid wins face-off versus Sean Monahan in ANAHEIM zone.
9:28 of 1st period - Off-side.
9:29 of 1st period - J.T. Compher wins face-off versus Connor McDavid in neutral zone.
10:05 of 1st period - Off-side.
10:06 of 1st period - Evgeny Kuznetsov wins face-off versus Sean Monahan in neutral zone.
10:25 of 1st period - Shot by Andreas Athanasiou.
10:25 of 1st period - Shot Misses the Net.
10:31 of 1st period - Shot by Zach Sanford.
10:31 of 1st period - Stopped by Joonas Korpisalo without a rebound.
10:32 of 1st period - Pierre-Luc Dubois wins face-off versus Josh Leivo in NASHVILLE zone.
11:01 of 1st period - Shot by Michael Frolik.
11:01 of 1st period - Shot Misses the Net.
11:22 of 1st period - Andrew Peeke is hit by Casey Nelson and loses puck.
11:32 of 1st period - Minor Penalty to Paul Byron for Roughing.
11:33 of 1st period - Sean Monahan wins face-off versus Evgeny Kuznetsov in NASHVILLE zone.
11:33 of 1st period - Sean Monahan is hit by Evgeny Kuznetsov.
11:51 of 1st period - Shot by Andreas Athanasiou.
11:51 of 1st period - Shot Misses the Net.
11:53 of 1st period - Shot by Evgeny Kuznetsov.
11:53 of 1st period - Stopped by Joonas Korpisalo with a rebound.
11:55 of 1st period - Shot by Jake McCabe.
11:55 of 1st period - Shot Blocked by Brian Dumoulin.
11:57 of 1st period - Shot by Trevor van Riemsdyk.
11:57 of 1st period - Shot Misses the Net.
11:59 of 1st period - Shot by Jake McCabe.
11:59 of 1st period - Shot Misses the Net.
12:01 of 1st period - Shot by Andreas Athanasiou.
12:01 of 1st period - Shot Misses the Net.
12:03 of 1st period - Shot by Zach Sanford.
12:03 of 1st period - Shot Misses the Net.
12:05 of 1st period - Shot by Evgeny Kuznetsov.
12:05 of 1st period - Shot Misses the Net.
12:11 of 1st period - Shot by Trevor van Riemsdyk.
12:11 of 1st period - Shot Misses the Net.
12:28 of 1st period - Off-side.
12:29 of 1st period - Nolan Patrick wins face-off versus Connor McDavid in neutral zone.
12:56 of 1st period - Shot by Connor McDavid.
12:56 of 1st period - Stopped by Joonas Korpisalo without a rebound.
12:57 of 1st period - Nolan Patrick wins face-off versus Evgeny Kuznetsov in NASHVILLE zone.
13:15 of 1st period - Shot by Jake McCabe.
13:15 of 1st period - Shot Misses the Net.
13:38 of 1st period - Icing by Pierre-Luc Dubois.
13:39 of 1st period - Devin Shore wins face-off versus Pierre-Luc Dubois in ANAHEIM zone.
15:42 of 1st period - Icing by Jake McCabe.
15:43 of 1st period - Nolan Patrick wins face-off versus Evgeny Kuznetsov in ANAHEIM zone.
15:44 of 1st period - Shot by Morgan Rielly.
15:44 of 1st period - Deflect By Nolan Patrick.
15:44 of 1st period - Stopped by Cam Talbot with a rebound.
15:46 of 1st period - Shot by Bobby Ryan.
15:46 of 1st period - Stopped by Cam Talbot without a rebound.
15:47 of 1st period - Nate Thompson wins face-off versus Nolan Patrick in ANAHEIM zone.
15:47 of 1st period - Nate Thompson is hit by Alex Chiasson.
15:48 of 1st period - Minor Penalty to Bobby Ryan for Tripping.
15:49 of 1st period - Evgeny Kuznetsov wins face-off versus Sean Monahan in NASHVILLE zone.
16:18 of 1st period - Shot by Joel Edmundson.
16:18 of 1st period - Shot Hit the Post.
16:56 of 1st period - Shot by Jason Zucker.
16:56 of 1st period - Stopped by Joonas Korpisalo without a rebound.
16:57 of 1st period - Paul Byron wins face-off versus Patric Hornqvist in NASHVILLE zone.
16:57 of 1st period - Paul Byron is hit by Jason Zucker.
17:02 of 1st period - Brian Dumoulin is hit by Patric Hornqvist and loses puck.
17:46 of 1st period - Evgeny Kuznetsov is hit by Sean Monahan and loses puck.
17:57 of 1st period - Shot by Nolan Patrick.
17:57 of 1st period - Stopped by Cam Talbot with a rebound.
17:59 of 1st period - Shot by Nolan Patrick.
17:59 of 1st period - Shot Misses the Net.
18:10 of 1st period - Shot by Bobby Ryan.
18:10 of 1st period - Stopped by Cam Talbot with a rebound.
18:24 of 1st period - Shot by Alex Chiasson.
18:24 of 1st period - Stopped by Cam Talbot without a rebound.
18:25 of 1st period - Devin Shore wins face-off versus Evgeny Kuznetsov in ANAHEIM zone.
18:30 of 1st period - Shot by Tage Thompson.
18:30 of 1st period - Shot Misses the Net.
18:32 of 1st period - Shot by Adam Larsson.
18:32 of 1st period - Stopped by Cam Talbot without a rebound.
18:33 of 1st period - J.T. Compher wins face-off versus Patric Hornqvist in ANAHEIM zone.
18:38 of 1st period - Shot by Jimmy Vesey.
18:38 of 1st period - Stopped by Cam Talbot without a rebound.
18:39 of 1st period - Sean Monahan wins face-off versus Connor McDavid in ANAHEIM zone.
18:58 of 1st period - Shot by Sean Monahan.
18:58 of 1st period - Goal by Sean Monahan - ANAHEIM : 0 - NASHVILLE : 1.
18:59 of 1st period - Evgeny Kuznetsov wins face-off versus J.T. Compher in neutral zone.
19:10 of 1st period - Shot by Andreas Athanasiou.
19:10 of 1st period - Shot Misses the Net.
19:18 of 1st period - Shot by Jason Dickinson.
19:18 of 1st period - Shot Blocked by Trevor van Riemsdyk.
Goals for this period are 0 for ANAHEIM vs 1 for NASHVILLE.
Shots for this period are 11 for ANAHEIM vs 11 for NASHVILLE.

2nd period


0:01 of 2nd period - Sean Monahan wins face-off versus Connor McDavid in neutral zone.
0:26 of 2nd period - Shot by Sean Monahan.
0:26 of 2nd period - Stopped by Cam Talbot without a rebound.
0:27 of 2nd period - J.T. Compher wins face-off versus Evgeny Kuznetsov in ANAHEIM zone.
0:54 of 2nd period - Shot by J.T. Compher.
0:54 of 2nd period - Stopped by Cam Talbot without a rebound.
0:55 of 2nd period - Connor McDavid wins face-off versus Sean Monahan in ANAHEIM zone.
0:55 of 2nd period - Connor McDavid is hit by Paul Byron.
1:25 of 2nd period - Shot by Morgan Rielly.
1:25 of 2nd period - Goal by Morgan Rielly - ANAHEIM : 0 - NASHVILLE : 2.
1:26 of 2nd period - Evgeny Kuznetsov wins face-off versus Nolan Patrick in neutral zone.
1:46 of 2nd period - Shot by Andreas Athanasiou.
1:46 of 2nd period - Stopped by Joonas Korpisalo with a rebound.
1:48 of 2nd period - Shot by Jake McCabe.
1:48 of 2nd period - Shot Blocked by Bobby Ryan.
2:28 of 2nd period - Nicolas Hague is hit by Michael Frolik and loses puck.
2:32 of 2nd period - Nicolas Hague is hit by Mike Green and loses puck.
3:10 of 2nd period - Sean Monahan is hit by Mike Green and loses puck.
3:27 of 2nd period - Shot by Jason Dickinson.
3:27 of 2nd period - Shot Misses the Net.
3:33 of 2nd period - Shot by Jason Dickinson.
3:33 of 2nd period - Shot Hit the Post.
3:35 of 2nd period - Shot by Connor Carrick.
3:35 of 2nd period - Shot Misses the Net.
3:59 of 2nd period - Shot by J.T. Compher.
3:59 of 2nd period - Shot Misses the Net.
4:25 of 2nd period - Shot by Anton Stralman.
4:25 of 2nd period - Shot Misses the Net.
4:33 of 2nd period - Shot by Tage Thompson.
4:33 of 2nd period - Deflect By Josh Leivo.
4:33 of 2nd period - Shot Misses the Net.
4:35 of 2nd period - Shot by Josh Leivo.
4:35 of 2nd period - Stopped by Cam Talbot with a rebound.
4:59 of 2nd period - Shot by Sean Monahan.
4:59 of 2nd period - Stopped by Cam Talbot without a rebound.
5:00 of 2nd period - Evgeny Kuznetsov wins face-off versus Nolan Patrick in ANAHEIM zone.
5:21 of 2nd period - Shot by Evgeny Kuznetsov.
5:21 of 2nd period - Shot Misses the Net.
5:23 of 2nd period - Shot by Andreas Athanasiou.
5:23 of 2nd period - Stopped by Joonas Korpisalo without a rebound.
5:24 of 2nd period - J.T. Compher wins face-off versus Evgeny Kuznetsov in NASHVILLE zone.
5:24 of 2nd period - J.T. Compher is hit by Evgeny Kuznetsov.
5:35 of 2nd period - Morgan Rielly is hit by Evgeny Kuznetsov and loses puck.
5:39 of 2nd period - Off-side.
5:40 of 2nd period - Connor McDavid wins face-off versus Sean Monahan in neutral zone.
6:05 of 2nd period - Shot by Jared McCann.
6:05 of 2nd period - Deflect By Paul Byron.
6:05 of 2nd period - Stopped by Cam Talbot with a rebound.
6:07 of 2nd period - Shot by Paul Byron.
6:07 of 2nd period - Stopped by Cam Talbot without a rebound.
6:08 of 2nd period - Jason Dickinson wins face-off versus Evgeny Kuznetsov in ANAHEIM zone.
8:00 of 2nd period - Shot by Connor McDavid.
8:00 of 2nd period - Shot Misses the Net.
8:14 of 2nd period - Shot by Nolan Patrick.
8:14 of 2nd period - Shot Blocked by Casey Nelson.
8:32 of 2nd period - Shot by Michael Frolik.
8:32 of 2nd period - Shot Misses the Net.
8:34 of 2nd period - Shot by Pierre-Luc Dubois.
8:34 of 2nd period - Deflect By Michael Frolik.
8:34 of 2nd period - Stopped by Joonas Korpisalo without a rebound.
8:35 of 2nd period - Nate Thompson wins face-off versus Devin Shore in NASHVILLE zone.
8:44 of 2nd period - Shot by Jeremy Lauzon.
8:44 of 2nd period - Shot Blocked by Mike Green.
8:52 of 2nd period - Shot by Josh Leivo.
8:52 of 2nd period - Shot Misses the Net.
9:08 of 2nd period - Shot by Devin Shore.
9:08 of 2nd period - Shot Blocked by Connor McDavid.
9:10 of 2nd period - Shot by Josh Leivo.
9:10 of 2nd period - Shot Blocked by Casey Nelson.
9:12 of 2nd period - Shot by Morgan Rielly.
9:12 of 2nd period - Shot Misses the Net.
9:33 of 2nd period - Shot by Sean Monahan.
9:33 of 2nd period - Stopped by Cam Talbot without a rebound.
9:34 of 2nd period - J.T. Compher wins face-off versus Andrew Shaw in ANAHEIM zone.
9:53 of 2nd period - Shot by J.T. Compher.
9:53 of 2nd period - Stopped by Cam Talbot without a rebound.
9:54 of 2nd period - Sean Monahan wins face-off versus Evgeny Kuznetsov in ANAHEIM zone.
9:56 of 2nd period - Minor Penalty to Jake McCabe for Holding.
9:57 of 2nd period - Sean Monahan wins face-off versus Connor McDavid in ANAHEIM zone.
10:32 of 2nd period - Shot by Jared McCann.
10:32 of 2nd period - Shot Misses the Net.
10:34 of 2nd period - Shot by Morgan Rielly.
10:34 of 2nd period - Shot Misses the Net.
10:36 of 2nd period - Shot by Paul Byron.
10:36 of 2nd period - Stopped by Cam Talbot without a rebound.
10:37 of 2nd period - Connor McDavid wins face-off versus J.T. Compher in ANAHEIM zone.
10:56 of 2nd period - Shot by Nicolas Hague.
10:56 of 2nd period - Shot Misses the Net.
10:58 of 2nd period - Shot by Jason Dickinson.
10:58 of 2nd period - Shot Blocked by Trevor van Riemsdyk.
11:00 of 2nd period - Shot by Brian Dumoulin.
11:00 of 2nd period - Shot Blocked by Connor McDavid.
11:02 of 2nd period - Shot by Brian Dumoulin.
11:02 of 2nd period - Stopped by Cam Talbot without a rebound.
11:03 of 2nd period - Sean Monahan wins face-off versus Pierre-Luc Dubois in ANAHEIM zone.
11:16 of 2nd period - Shot by Sean Monahan.
11:16 of 2nd period - Shot Blocked by Joel Edmundson.
11:24 of 2nd period - Shot by Sean Monahan.
11:24 of 2nd period - Shot Hit the Post.
12:07 of 2nd period - Shot by Michael Frolik.
12:07 of 2nd period - Shot Misses the Net.
12:33 of 2nd period - Shot by Nolan Patrick.
12:33 of 2nd period - Stopped by Cam Talbot without a rebound.
12:34 of 2nd period - Connor McDavid wins face-off versus Jimmy Vesey in ANAHEIM zone.
13:14 of 2nd period - Brian Dumoulin is hit by Jason Zucker and loses puck.
13:22 of 2nd period - Icing by Nicolas Hague.
13:23 of 2nd period - Evgeny Kuznetsov wins face-off versus Jimmy Vesey in NASHVILLE zone.
13:47 of 2nd period - Shot by Evgeny Kuznetsov.
13:47 of 2nd period - Stopped by Joonas Korpisalo without a rebound.
13:48 of 2nd period - Nolan Patrick wins face-off versus Pierre-Luc Dubois in NASHVILLE zone.
13:52 of 2nd period - Icing by Connor Carrick.
13:53 of 2nd period - Nolan Patrick wins face-off versus Pierre-Luc Dubois in NASHVILLE zone.
14:02 of 2nd period - Shot by Michael Frolik.
14:02 of 2nd period - Stopped by Joonas Korpisalo without a rebound.
14:03 of 2nd period - Sean Monahan wins face-off versus Evgeny Kuznetsov in NASHVILLE zone.
15:05 of 2nd period - Off-side.
15:06 of 2nd period - Nolan Patrick wins face-off versus Connor McDavid in neutral zone.
15:09 of 2nd period - Shot by Bobby Ryan.
15:09 of 2nd period - Stopped by Cam Talbot without a rebound.
15:10 of 2nd period - Connor McDavid wins face-off versus Nolan Patrick in ANAHEIM zone.
15:32 of 2nd period - Shot by Nolan Patrick.
15:32 of 2nd period - Stopped by Cam Talbot with a rebound.
15:34 of 2nd period - Shot by Bobby Ryan.
15:34 of 2nd period - Stopped by Cam Talbot without a rebound.
15:35 of 2nd period - Sean Monahan wins face-off versus Pierre-Luc Dubois in ANAHEIM zone.
15:49 of 2nd period - Michael Frolik is hit by Adam Larsson and loses puck.
15:51 of 2nd period - Minor Penalty to Pierre-Luc Dubois for Unsportsmanlike conduct.
15:52 of 2nd period - J.T. Compher wins face-off versus Connor McDavid in ANAHEIM zone.
17:38 of 2nd period - Shot by Brian Dumoulin.
17:38 of 2nd period - Stopped by Cam Talbot without a rebound.
17:39 of 2nd period - J.T. Compher wins face-off versus Connor McDavid in ANAHEIM zone.
17:40 of 2nd period - Shot by Nicolas Hague.
17:40 of 2nd period - Stopped by Cam Talbot without a rebound.
17:41 of 2nd period - Jason Dickinson wins face-off versus Connor McDavid in ANAHEIM zone.
17:48 of 2nd period - Shot by Morgan Rielly.
17:48 of 2nd period - Stopped by Cam Talbot without a rebound.
17:49 of 2nd period - Connor McDavid wins face-off versus Paul Byron in ANAHEIM zone.
18:18 of 2nd period - Shot by Michael Frolik.
18:18 of 2nd period - Stopped by Joonas Korpisalo with a rebound.
18:50 of 2nd period - Morgan Rielly is hit by Andreas Athanasiou.
19:07 of 2nd period - Shot by Zach Sanford.
19:07 of 2nd period - Stopped by Joonas Korpisalo with a rebound.
19:30 of 2nd period - Patric Hornqvist is hit by Morgan Rielly.
19:31 of 2nd period - Minor Penalty to Morgan Rielly for Roughing.
19:32 of 2nd period - Connor McDavid wins face-off versus Sean Monahan in NASHVILLE zone.
Goals for this period are 0 for ANAHEIM vs 1 for NASHVILLE.
Shots for this period are 7 for ANAHEIM vs 18 for NASHVILLE.

3rd period


0:01 of 3rd period - Connor McDavid wins face-off versus Jared McCann in neutral zone.
0:08 of 3rd period - Shot by Connor McDavid.
0:08 of 3rd period - Shot Blocked by Adam Larsson.
0:10 of 3rd period - Shot by Joel Edmundson.
0:10 of 3rd period - Shot Misses the Net.
0:12 of 3rd period - Shot by Joel Edmundson.
0:12 of 3rd period - Stopped by Joonas Korpisalo without a rebound.
0:13 of 3rd period - Sean Monahan wins face-off versus Evgeny Kuznetsov in NASHVILLE zone.
0:25 of 3rd period - Shot by Evgeny Kuznetsov.
0:25 of 3rd period - Shot Misses the Net.
0:27 of 3rd period - Shot by Jake McCabe.
0:27 of 3rd period - Shot Blocked by Brian Dumoulin.
0:29 of 3rd period - Shot by Trevor van Riemsdyk.
0:29 of 3rd period - Stopped by Joonas Korpisalo with a rebound.
1:03 of 3rd period - Shot by Patric Hornqvist.
1:03 of 3rd period - Goal by Patric Hornqvist - ANAHEIM : 1 - NASHVILLE : 2.
1:04 of 3rd period - Connor McDavid wins face-off versus J.T. Compher in neutral zone.
1:08 of 3rd period - Icing by Morgan Rielly.
1:09 of 3rd period - J.T. Compher wins face-off versus Connor McDavid in NASHVILLE zone.
1:20 of 3rd period - Shot by Jason Dickinson.
1:20 of 3rd period - Shot Misses the Net.
2:19 of 3rd period - Minor Penalty to Nicolas Hague for Goalie Interference.
2:20 of 3rd period - Sean Monahan wins face-off versus Evgeny Kuznetsov in NASHVILLE zone.
2:20 of 3rd period - Sean Monahan is hit by Evgeny Kuznetsov.
2:31 of 3rd period - Adam Larsson is hit by Zach Sanford and loses puck.
3:04 of 3rd period - Shot by Joel Edmundson.
3:04 of 3rd period - Stopped by Joonas Korpisalo with a rebound.
3:08 of 3rd period - Shot by Anton Stralman.
3:08 of 3rd period - Stopped by Joonas Korpisalo without a rebound.
3:09 of 3rd period - Paul Byron wins face-off versus Connor McDavid in NASHVILLE zone.
3:22 of 3rd period - Shot by Jason Zucker.
3:22 of 3rd period - Shot Misses the Net.
3:24 of 3rd period - Shot by Patric Hornqvist.
3:24 of 3rd period - Shot Blocked by Brian Dumoulin.
3:52 of 3rd period - Shot by Andreas Athanasiou.
3:52 of 3rd period - Stopped by Joonas Korpisalo with a rebound.
4:24 of 3rd period - Shot by Bobby Ryan.
4:24 of 3rd period - Stopped by Cam Talbot without a rebound.
4:25 of 3rd period - Nate Thompson wins face-off versus Nolan Patrick in ANAHEIM zone.
4:25 of 3rd period - Nate Thompson is hit by Nolan Patrick.
4:45 of 3rd period - Shot by Pierre-Luc Dubois.
4:45 of 3rd period - Shot Blocked by Adam Larsson.
4:47 of 3rd period - Shot by Pierre-Luc Dubois.
4:47 of 3rd period - Goal by Pierre-Luc Dubois - ANAHEIM : 2 - NASHVILLE : 2.
4:48 of 3rd period - Nate Thompson wins face-off versus J.T. Compher in neutral zone.
4:48 of 3rd period - C.J. Smith is hit by Jason Dickinson and loses puck.
5:16 of 3rd period - Connor McDavid is hit by Brian Dumoulin and loses puck.
5:53 of 3rd period - Shot by Evgeny Kuznetsov.
5:53 of 3rd period - Deflect By Zach Sanford.
5:53 of 3rd period - Shot Misses the Net.
5:55 of 3rd period - Shot by Zach Sanford.
5:55 of 3rd period - Stopped by Joonas Korpisalo without a rebound.
5:56 of 3rd period - Sean Monahan wins face-off versus Connor McDavid in NASHVILLE zone.
5:58 of 3rd period - Icing by Connor Carrick.
5:59 of 3rd period - Sean Monahan wins face-off versus Jason Zucker in NASHVILLE zone.
6:14 of 3rd period - Shot by Jason Zucker.
6:14 of 3rd period - Shot Misses the Net.
6:33 of 3rd period - Shot by Paul Byron.
6:33 of 3rd period - Stopped by Cam Talbot without a rebound.
6:34 of 3rd period - J.T. Compher wins face-off versus Pierre-Luc Dubois in ANAHEIM zone.
6:58 of 3rd period - J.T. Compher is hit by Anton Stralman and loses puck.
7:15 of 3rd period - J.T. Compher is hit by Joel Edmundson and loses puck.
7:37 of 3rd period - Shot by Bobby Ryan.
7:37 of 3rd period - Shot Misses the Net.
7:39 of 3rd period - Shot by Bobby Ryan.
7:39 of 3rd period - Stopped by Cam Talbot with a rebound.
7:47 of 3rd period - Shot by Nolan Patrick.
7:47 of 3rd period - Shot Blocked by Joel Edmundson.
7:55 of 3rd period - Shot by Nolan Patrick.
7:55 of 3rd period - Stopped by Cam Talbot without a rebound.
7:56 of 3rd period - Sean Monahan wins face-off versus Connor McDavid in ANAHEIM zone.
8:48 of 3rd period - Icing by Connor Carrick.
8:49 of 3rd period - Sean Monahan wins face-off versus Evgeny Kuznetsov in NASHVILLE zone.
8:49 of 3rd period - Sean Monahan is hit by Andreas Athanasiou.
8:52 of 3rd period - Jared McCann is hit by Evgeny Kuznetsov.
8:53 of 3rd period - Off-side.
8:54 of 3rd period - Evgeny Kuznetsov wins face-off versus J.T. Compher in neutral zone.
8:57 of 3rd period - Adam Larsson is hit by Evgeny Kuznetsov and loses puck.
9:25 of 3rd period - Shot by Evgeny Kuznetsov.
9:25 of 3rd period - Shot Misses the Net.
9:39 of 3rd period - Morgan Rielly is hit by Zach Sanford and loses puck.
9:48 of 3rd period - Icing by Casey Nelson.
9:49 of 3rd period - Nolan Patrick wins face-off versus Evgeny Kuznetsov in ANAHEIM zone.
9:54 of 3rd period - Shot by Alex Chiasson.
9:54 of 3rd period - Stopped by Cam Talbot with a rebound.
9:56 of 3rd period - Shot by Nolan Patrick.
9:56 of 3rd period - Stopped by Cam Talbot without a rebound.
9:57 of 3rd period - Sean Monahan wins face-off versus Connor McDavid in ANAHEIM zone.
10:12 of 3rd period - Shot by Connor McDavid.
10:12 of 3rd period - Deflect By Jason Zucker.
10:12 of 3rd period - Stopped by Joonas Korpisalo with a rebound.
10:32 of 3rd period - Paul Byron is hit by Patric Hornqvist and loses puck.
11:36 of 3rd period - Shot by Bobby Ryan.
11:36 of 3rd period - Shot Misses the Net.
11:38 of 3rd period - Shot by Nolan Patrick.
11:38 of 3rd period - Shot Misses the Net.
11:40 of 3rd period - Shot by Alex Chiasson.
11:40 of 3rd period - Stopped by Cam Talbot without a rebound.
11:41 of 3rd period - Jason Dickinson wins face-off versus Connor McDavid in ANAHEIM zone.
12:33 of 3rd period - Icing by Adam Larsson.
12:34 of 3rd period - Devin Shore wins face-off versus Evgeny Kuznetsov in NASHVILLE zone.
13:00 of 3rd period - Shot by Tage Thompson.
13:00 of 3rd period - Stopped by Cam Talbot with a rebound.
13:02 of 3rd period - Shot by Morgan Rielly.
13:02 of 3rd period - Shot Blocked by Trevor van Riemsdyk.
14:03 of 3rd period - Shot by Michael Frolik.
14:03 of 3rd period - Shot Blocked by Connor Carrick.
15:03 of 3rd period - Shot by Jimmy Vesey.
15:03 of 3rd period - Shot Misses the Net.
15:05 of 3rd period - Shot by Jimmy Vesey.
15:05 of 3rd period - Stopped by Cam Talbot without a rebound.
15:06 of 3rd period - Devin Shore wins face-off versus Connor McDavid in ANAHEIM zone.
15:19 of 3rd period - Shot by Devin Shore.
15:19 of 3rd period - Deflect By Josh Leivo.
15:19 of 3rd period - Shot Misses the Net.
15:23 of 3rd period - Shot by Tage Thompson.
15:23 of 3rd period - Shot Misses the Net.
15:50 of 3rd period - Joel Edmundson is hit by Bobby Ryan and loses puck.
16:53 of 3rd period - Shot by Sean Monahan.
16:53 of 3rd period - Stopped by Cam Talbot with a rebound.
16:58 of 3rd period - Jake McCabe is hit by Jared McCann.
17:03 of 3rd period - Zach Sanford is hit by Connor Carrick and loses puck.
17:10 of 3rd period - Shot by Evgeny Kuznetsov.
17:10 of 3rd period - Shot Blocked by Sean Monahan.
17:15 of 3rd period - Evgeny Kuznetsov is hit by Connor Carrick and loses puck.
17:29 of 3rd period - Paul Byron is hit by Mike Green and loses puck.
17:45 of 3rd period - Icing by Casey Nelson.
17:46 of 3rd period - Jason Dickinson wins face-off versus Andrew Shaw in ANAHEIM zone.
17:52 of 3rd period - Minor Penalty to Casey Nelson for Hooking.
17:53 of 3rd period - J.T. Compher wins face-off versus Connor McDavid in ANAHEIM zone.
18:16 of 3rd period - Shot by J.T. Compher.
18:16 of 3rd period - Shot Blocked by Trevor van Riemsdyk.
18:18 of 3rd period - Shot by J.T. Compher.
18:18 of 3rd period - Deflect By Jason Dickinson.
18:18 of 3rd period - Stopped by Cam Talbot without a rebound.
18:19 of 3rd period - J.T. Compher wins face-off versus Michael Frolik in ANAHEIM zone.
18:34 of 3rd period - Shot by Brian Dumoulin.
18:34 of 3rd period - Shot Misses the Net.
18:36 of 3rd period - Shot by Nicolas Hague.
18:36 of 3rd period - Stopped by Cam Talbot with a rebound.
18:38 of 3rd period - Shot by Jimmy Vesey.
18:38 of 3rd period - Shot Blocked by Joel Edmundson.
18:40 of 3rd period - Shot by Nicolas Hague.
18:40 of 3rd period - Shot Blocked by Anton Stralman.
18:42 of 3rd period - Shot by Jason Dickinson.
18:42 of 3rd period - Stopped by Cam Talbot without a rebound.
18:43 of 3rd period - Pierre-Luc Dubois wins face-off versus Sean Monahan in ANAHEIM zone.
19:56 of 3rd period - Shot by Nolan Patrick.
19:56 of 3rd period - Stopped by Cam Talbot without a rebound.
19:57 of 3rd period - Connor McDavid wins face-off versus Nolan Patrick in ANAHEIM zone.
Goals for this period are 2 for ANAHEIM vs 0 for NASHVILLE.
Shots for this period are 9 for ANAHEIM vs 14 for NASHVILLE.

Overtime #1


0:01 of 1st overtime period - Devin Shore wins face-off versus Chris Wagner in neutral zone.
0:22 of 1st overtime period - Shot by Jason Dickinson.
0:22 of 1st overtime period - Shot Misses the Net.
0:30 of 1st overtime period - Shot by Andreas Athanasiou.
0:30 of 1st overtime period - Shot Misses the Net.
1:25 of 1st overtime period - Shot by Connor Carrick.
1:25 of 1st overtime period - Shot Misses the Net.
1:27 of 1st overtime period - Shot by Jimmy Vesey.
1:27 of 1st overtime period - Stopped by Cam Talbot with a rebound.
1:41 of 1st overtime period - Shot by J.T. Compher.
1:41 of 1st overtime period - Goal by J.T. Compher - ANAHEIM : 2 - NASHVILLE : 3.
Goals for this period are 0 for ANAHEIM vs 1 for NASHVILLE.
Shots for this period are 0 for ANAHEIM vs 2 for NASHVILLE.